AoeStats
← Rimflow

Arena

506677417Analyzed
4v4 RM · 19d ago on Sep 14, 2026· 69m 23s· 8 players
Game mode
Random Map
Map size
Large (8 player)
Population
200
Speed
Normal
Resources
Standard
Victory
Conquest
Starting age
Dark Age
Ending age
Imperial Age
RankedLock teamsTeams togetherTeam positionsShared explorationLock speedFull tech treeHidden civsTurbo modeCheats
Victory
Defeat
🇧🇪 Lithuanians · Belgium
560
+16
🇨🇭 Turks · Switzerland
547
+16
🇫🇷 Burgundians · France
526
+17
🇵🇹 Bulgarians · Portugal
439
+20
585
-19
🇨🇳 Spanish · China
562
-18
🇨🇳 Bohemians · China
521
-16
🇨🇳 Romans · China
517
-16
B3rtox
6:11 Wheelbarrow
10:16 Horse Collar
13:25 Feudal Age
14:17 Heavy Plow
19:58 Castle Age
18:16 Double-Bit Axe
26:47 Ballistics
32:19 Imperial Age
32:27 Burgundian Vineyards
33:41 Hand Cart
34:51 Chemistry
36:07 Gold Mining
36:08 Stone Mining
39:20 Conscription
46:27 Squires
46:12 Arson
45:49 Pikeman
46:45 Scale Barding Armor
46:51 Forging
46:32 Fletching
46:42 Padded Archer Armor
46:44 Scale Mail Armor
47:27 Hoardings
46:43 Treadmill Crane
47:15 Masonry
47:02 Murder Holes
46:52 Arrowslits
47:19 Fortified Wall
48:25 Bow Saw
50:41 Gold Shaft Mining
50:41 Stone Shaft Mining
50:22 Halberdier
Rimflow
0:59 Loom
12:51 Feudal Age
13:13 Horse Collar
13:24 Double-Bit Axe
14:53 Gold Mining
16:05 Stone Mining
18:39 Wheelbarrow
22:18 Forging
22:14 Scale Barding Armor
22:12 Padded Archer Armor
24:26 Castle Age
23:10 Bloodlines
26:01 Gold Shaft Mining
25:28 Heavy Plow
25:43 Bow Saw
26:27 Chain Barding Armor
27:19 Iron Casting
28:47 Husbandry
32:09 Leather Archer Armor
33:14 Fortified Wall
35:03 Masonry
35:17 Hand Cart
37:09 Man-at-Arms
37:52 Squires
43:24 Imperial Age
45:00 Ring Archer Armor
45:06 Plate Barding Armor
44:52 Elite Janissary
46:04 Conscription
51:47 Plate Barding Armor
59:03 Blast Furnace
ӄǟʋǟ
14:00 Feudal Age
14:51 Town Watch
15:41 Wheelbarrow
14:52 Loom
15:01 Double-Bit Axe
16:35 Horse Collar
19:36 Gold Mining
21:25 Stone Mining
24:52 Castle Age
26:36 Hand Cart
26:41 Bow Saw
26:53 Heavy Plow
29:39 Stone Shaft Mining
29:39 Gold Shaft Mining
29:48 Town Patrol
30:27 Forging
30:17 Scale Mail Armor
30:24 Scale Barding Armor
30:10 Fletching
30:22 Padded Archer Armor
37:18 Imperial Age
38:49 Iron Casting
38:10 Bodkin Arrow
38:30 Leather Archer Armor
38:30 Chain Mail Armor
38:36 Chain Barding Armor
43:31 Blast Furnace
42:32 Bracer
43:02 Plate Mail Armor
43:07 Plate Barding Armor
42:15 Elite Konnik
44:13 Gambesons
46:41 Caravan
47:12 Coinage
51:43 Crop Rotation
51:42 Masonry
51:38 Siege Engineers
51:28 Murder Holes
51:56 Ballistics
51:26 Guard Tower
53:13 Chemistry
59:56 Squires
Roa di Ronqi
10:53 Feudal Age
11:23 Double-Bit Axe
11:33 Gold Mining
15:24 Stone Mining
16:53 Horse Collar
24:53 Castle Age
26:45 Bow Saw
28:55 Scale Mail Armor
29:06 Forging
28:46 Fletching
28:57 Padded Archer Armor
30:46 Wheelbarrow
30:18 Heavy Plow
31:20 Bodkin Arrow
32:28 Chain Mail Armor
32:05 Arson
32:19 Pikeman
35:04 Caravan
37:31 Hand Cart
39:07 Leather Archer Armor
39:28 Iron Casting
40:16 Squires
39:39 Elite Skirmisher
44:19 Imperial Age
43:01 Ballistics
45:10 Scale Barding Armor
49:18 Conscription
50:08 Tower Shields
50:31 Guilds
52:01 Bloodlines
51:52 Husbandry
52:47 Crop Rotation
52:00 Cavalier
54:17 Paladin
55:54 Chain Barding Armor
Gatherer
11:23 Feudal Age
12:16 Double-Bit Axe
14:49 Castle Age
12:43 Horse Collar
15:52 Bow Saw
16:15 Heavy Plow
16:58 Wheelbarrow
17:13 Fervor
28:34 Imperial Age
26:21 Hand Cart
25:52 Loom
27:25 Forging
27:20 Scale Barding Armor
27:33 Gold Mining
27:33 Stone Mining
29:21 Stone Shaft Mining
29:57 Iron Casting
29:28 Scale Barding Armor
29:35 Bloodlines
29:25 Husbandry
29:07 Cavalier
30:33 Town Watch
32:18 Blast Furnace
31:43 Chain Barding Armor
31:14 Fletching
32:02 Supremacy
33:24 Two-Man Saw
34:30 Plate Barding Armor
33:50 Bodkin Arrow
34:57 Blast Furnace
33:41 Paladin
35:51 Town Patrol
36:19 Bracer
36:20 Padded Archer Armor
36:20 Scale Mail Armor
37:42 Devotion
38:04 Sanctity
38:20 Theocracy
37:41 Herbal Medicine
38:12 Illumination
37:48 Herbal Medicine
38:12 Caravan
38:43 Coinage
38:23 Guilds
40:05 Conscription
39:06 Elite Conquistador
40:54 Chemistry
40:14 Ballistics
40:04 Masonry
40:14 Ballistics
39:50 Murder Holes
40:05 Fortified Wall
39:50 Murder Holes
40:05 Fortified Wall
40:13 Chain Mail Armor
40:14 Leather Archer Armor
42:04 Hoardings
42:24 Ring Archer Armor
42:24 Plate Mail Armor
42:02 Elite Conquistador
43:45 Banking
47:57 Conscription
47:08 Sappers
48:19 Architecture
48:15 Faith
47:18 Pikeman
47:18 Man-at-Arms
47:59 Squires
47:44 Gambesons
47:45 Arson
47:25 Light Cavalry
58:49 Onager
65:02 Guard Tower
68:12 Spies/Treason
MyGO!!!!! Dr. Shiina Taki
11:54 Feudal Age
13:27 Double-Bit Axe
15:57 Castle Age
13:49 Horse Collar
15:32 Wheelbarrow
15:35 Wheelbarrow
17:07 Bow Saw
17:44 Heavy Plow
22:25 Hand Cart
23:47 Gold Mining
23:49 Stone Mining
24:00 Loom
25:11 Gold Shaft Mining
28:57 Imperial Age
27:01 Fletching
27:11 Padded Archer Armor
27:49 Stone Shaft Mining
28:32 Bodkin Arrow
28:54 Leather Archer Armor
29:04 Ballistics
29:44 Bracer
31:30 Two-Man Saw
31:16 Torsion Engines
30:52 Heavy Scorpion
30:53 Onager
30:53 Capped Ram
32:06 Ring Archer Armor
31:46 Forging
31:36 Scale Mail Armor
35:08 Chemistry
36:06 Elite Shotel Warrior
36:47 Royal Heirs
37:09 Conscription
36:17 Siege Onager
36:36 Halberdier
37:16 Squires
37:01 Arson
37:33 Chain Mail Armor
37:53 Iron Casting
37:19 Town Watch
40:29 Blast Furnace
40:48 Plate Mail Armor
43:29 Siege Engineers
43:40 Caravan
48:40 Fortified Wall
48:25 Murder Holes
57:27 Town Patrol
Alicization
10:28 Feudal Age
14:24 Castle Age
13:52 Double-Bit Axe
13:49 Horse Collar
16:27 Wheelbarrow
21:14 Hand Cart
23:51 Bow Saw
28:00 Imperial Age
26:27 Treadmill Crane
27:48 Chemistry
26:37 Loom
27:04 Forging
26:55 Scale Mail Armor
26:46 Fletching
28:43 Iron Casting
27:47 Pikeman
28:28 Squires
28:13 Arson
28:58 Heavy Scorpion
31:14 Two-Man Saw
30:17 Heavy Plow
30:03 Halberdier
33:53 Blast Furnace
33:09 Chain Mail Armor
32:49 Bodkin Arrow
34:49 Houfnice
37:35 Town Watch
37:55 Bracer
38:26 Plate Mail Armor
38:03 Siege Engineers
38:20 Ballistics
38:25 Bombard Tower
37:51 Capped Ram
38:42 Town Patrol
40:12 Caravan
40:23 Guilds
46:09 Ballistics
46:00 Masonry
45:45 Murder Holes
46:01 Fortified Wall
45:36 Arrowslits
47:23 Conscription
47:08 Wagenburg Tactics
46:24 Elite Hussite Wagon
47:09 Hussite Reforms
54:27 Onager
maymay
11:12 Feudal Age
14:44 Castle Age
13:13 Double-Bit Axe
13:53 Horse Collar
16:23 Wheelbarrow
15:36 Loom
22:37 Gold Mining
23:09 Bow Saw
23:41 Heavy Plow
25:59 Gold Shaft Mining
31:49 Imperial Age
29:38 Hand Cart
29:56 Stone Mining
30:42 Squires
30:02 Man-at-Arms
30:03 Pikeman
30:58 Forging
30:53 Scale Barding Armor
30:50 Scale Mail Armor
30:53 Murder Holes
31:19 Ballistics
31:11 Fortified Wall
31:12 Masonry
30:53 Guard Tower
31:43 Ballistas
32:38 Iron Casting
32:21 Herbal Medicine
33:01 Crop Rotation
33:36 Chemistry
32:31 Guard Tower
32:47 Siege Engineers
32:53 Masonry
33:09 Conscription
33:32 Comitatenses
33:58 Chain Barding Armor
33:58 Chain Mail Armor
33:52 Long Swordsman
34:26 Elite Centurion
36:11 Blast Furnace
35:55 Plate Barding Armor
35:12 Fletching
35:23 Padded Archer Armor
36:56 Keep
35:51 Legionary
37:25 Halberdier
38:22 Heavy Scorpion
39:46 Architecture
41:02 Husbandry
41:12 Bloodlines
40:23 Cavalier
42:04 Onager
42:05 Capped Ram
45:13 Guilds
45:35 Coinage
45:05 Caravan
56:44 Banking
Connection lost

Rejoining the realm…

Still unreachable

The connection could not be restored.

Session expired

The server has moved on; the page needs a fresh start.